 Dungeon Crawl Stone Soup version 0.26.1-11-gd32895ea62 (webtiles) character file.

Game seed: 5876313123489441837

18794 Sopht the Carver (level 12, -11/76 HPs)
             Began as a Tengu Berserker on July 19, 2021.
             Was an Elder of Trog.
             Engulfed by a cloud of flame (17 damage)
             ... in a volcano.
             The game lasted 01:37:30 (13797 turns).

Sopht the Carver (Tengu Berserker)                 Turns: 13797, Time: 01:37:31

Health: -11/76     AC: 11    Str: 23    XL:     12   Next: 62%
Magic:  0/13       EV: 23    Int:  8    God:    Trog [****..]
Gold:   174        SH:  8    Dex: 13    Spells: 11/11 levels left

rFire    . . .     SeeInvis .   a - +9 falchion
rCold    + . .     Faith    .   f - +3 buckler
rNeg     . . .     Spirit   +   r - +1 ring mail
rPois    .         Reflect  .   I - +2 hat
rElec    .         Harm     .   A - +0 cloak
rCorr    .         Rampage  .   (no gloves)
Will     ++...                  (boots unavailable)
Stlth    +++.......             t - amulet of guardian spirit
HPRegen  1.22/turn              d - +4 ring of evasion
MPRegen  0.13/turn              x - ring of protection from cold

@: flying quickly and evasively, regenerating, quick
A: beak, talons 3, able to fly
a: Stop Flying, Renounce Religion, Berserk, Trog's Hand, Brothers in Arms


You were in a volcano.
You worshipped Trog.
Trog was greatly pleased with you.
You visited 3 branches of the dungeon, and saw 13 of its levels.
You also visited: Volcano.

You collected 463 gold pieces.
You spent 289 gold pieces at shops.

Inventory:

Hand Weapons
 a - a +9 falchion (weapon)
 e - the +4 spear of Disgust {holy, rElec Will++ Str-5 SInv}
   (You found it on level 2 of the Lair of Beasts)

   It has been blessed by the Shining One to cause great damage to the undead
   and demons.
   It affects your strength (-5).
   It insulates you from electricity.
   It affects your willpower, your defense against some magical effects.
   It lets you see invisible.
 F - a +5 hand axe
Missiles
 q - 45 poisoned darts
 v - 4 atropa-tipped darts
 w - 6 boomerangs
 L - 53 arrows
Armour
 f - a +3 buckler (worn)
 r - a +1 ring mail (worn)
 A - a +0 cloak (worn)
 I - a +2 hat (worn)
 K - a +2 buckler
Jewellery
 b - a +6 ring of intelligence
 d - a +4 ring of evasion (left hand)
 i - an uncursed amulet of magic regeneration
 n - an uncursed ring of resist corrosion
 t - an amulet of guardian spirit (around neck)
 x - a ring of protection from cold (right hand)
Wands
 h - a wand of iceblast (3) (quivered)
 m - a wand of polymorph (4)
 y - a wand of acid (7)
 C - a wand of enslavement (15)
 M - a wand of paralysis (11)
Scrolls
 g - 10 scrolls of remove curse
 j - 5 scrolls of teleportation
 l - 2 scrolls of random uselessness
 p - 5 scrolls of amnesia
 u - a scroll of identify
 D - 2 scrolls of summoning
 H - a scroll of magic mapping
 J - 3 scrolls of fear
Potions
 c - 3 potions of curing
 k - a potion of haste
 o - a potion of lignification
 z - a potion of berserk rage
 B - a potion of magic
 G - 3 potions of ambrosia


   Skills:
 + Level 9.0 Fighting
 + Level 13.4 Long Blades
 + Level 2.0 Throwing
 + Level 8.8 Armour
 + Level 8.5 Dodging
 + Level 6.8 Stealth
 + Level 5.3 Shields
 + Level 2.9 Evocations


You had 11 spell levels left.
You didn't know any spells.
Your spell library was empty.

Dungeon Overview and Level Annotations

Branches:
Dungeon (8/15)             Temple (0/1) D:5            Lair (3/6) D:8
  Snake (2/4) Lair:2      Volcano (1/1)
  Swamp: Lair:2-4    Shoals: Lair:2-4

Altars:
Ashenzari
Makhleb
Nemelex Xobeh
Qazlal
Vehumet

Shops:
D:8 ?=}

Annotations:
Snake:2 Aizul, Frances, Nikola Volcano exclusion: obsidian statue


Innate Abilities, Weirdness & Mutations

You have a beak for a mouth.
You have claws for feet.
You can fly continuously.


Message History

You reach down and open the door.
There is an open door here.
You are engulfed in blazing flames.
You are engulfed in blazing flames.
You are engulfed in blazing flames.
You are engulfed in blazing flames.
You feel much better.
You are engulfed in blazing flames.
Okay, then.
You are engulfed in blazing flames.
Your skin crawls.
You feel strong-willed.
You are engulfed in blazing flames.
* * * LOW HITPOINT WARNING * * *
A two-headed ogre and an obsidian statue come into view.
The two-headed ogre is wielding two +0 giant clubs of flaming.
Marking area around an obsidian statue as unsafe for travelling.
You are engulfed in blazing flames.
* * * LOW HITPOINT WARNING * * *
You are engulfed in blazing flames.
You die...

###########
#☼#☼#°#☼#≈#
#☼#☼#°#☼#≈#
#☼#☼#☼#☼#☼###
#☼☼@☼☼☼☼☼☼#8#
#.#☼#☼#☼#☼#..#
#.#☼#☼#○#☼##.#
..#☼#☼#○#☼##.#
O8##########..#
### #........##
#'######## #.#
#..## ##.##
##...##


There were no monsters in sight!

Vanquished Creatures
  Gastronok (Lair:1)
  2 hydras (Lair:2)
  An anaconda (Snake:1)
  A shock serpent (Snake:1)
  A lindwurm (Lair:3)
  6 black mambas
  A naga mage (Snake:1)
  The ghost of Ekaitz the Firebug, a novice HOFE of Makhleb (D:5)
  8 cane toads
  2 komodo dragons
  The ghost of seveneves the Poker, an amateur MfGl of Qazlal (D:5)
  2 basilisks (Lair:2)
  3 wyverns
  3 yaks (Lair:2)
  Eustachio (D:4)
  7 fire bats (Volcano)
  Menkaure (D:6)
  Edmund (D:6)
  5 nagas
  4 water moccasins
  2 ice beasts (D:7)
  3 orc warriors (D:6)
  3 sky beasts
  2 black bears
  A necrophage (D:8)
  10 wolves
  6 ogres
  3 centaurs
  11 bullfrogs
  3 scorpions
  6 wights
  4 howler monkeys
  6 lava snakes (Volcano)
  A centaur zombie (D:6)
  8 hounds
  A jelly (D:5)
  An orc priest (D:5)
  7 orc wizards
  A centaur skeleton (D:7)
  A gnoll shaman (D:5)
  4 iguanas
  3 worker ants
  Robin (D:4)
  8 adders
  5 gnolls
  2 shadow imps
  A white imp (D:7)
  2 ufetubi
  An ooze (D:6)
  An adder zombie (D:6)
  3 adder skeletons
  2 worms (D:2)
  2 dart slugs
  9 leopard geckos
  21 orcs
  10 bats
  3 giant cockroaches
  13 hobgoblins
  16 jackals
  10 kobolds
  7 quokkas
  A ball python (D:5)
  7 frilled lizards
  11 goblins
  A jackal zombie (D:8)
  7 rats
283 creatures vanquished.

Vanquished Creatures (others)
  11 fungi
  18 plants
  5 withered plants (D:5)
34 creatures vanquished.

Grand Total: 317 creatures vanquished

Notes
Turn   | Place    | Note
-------+----------+-------------------------------------------
     0 | D:1      | Sopht the Tengu Berserker began the quest for the Orb.
     0 | D:1      | Reached XP level 1. HP: 14/14 MP: 2/2
    85 | D:1      | Reached XP level 2. HP: 19/19 MP: 3/3
   550 | D:1      | Reached XP level 3. HP: 22/23 MP: 4/4
   968 | D:2      | Reached skill level 4 in Long Blades
  1256 | D:2      | Reached ** piety under Trog
  1592 | D:2      | Reached XP level 4. HP: 29/29 MP: 5/5
  1705 | D:2      | Found a radiant altar of Vehumet.
  2841 | D:3      | Gained mutation: You can fly continuously. [Tengu growth]
  2841 | D:3      | Reached XP level 5. HP: 33/33 MP: 6/6
  2874 | D:3      | Reached skill level 1 in Stealth
  3041 | D:3      | Found a sparkling altar of Nemelex Xobeh.
  3041 | D:3      | Found a burning altar of Makhleb.
  3340 | D:4      | Noticed Robin
  3340 | D:4      | Reached *** piety under Trog
  3361 | D:4      | Killed Robin
  3362 | D:4      | Reached skill level 5 in Long Blades
  3762 | D:4      | Reached XP level 6. HP: 38/38 MP: 7/7
  3848 | D:4      | Noticed Eustachio
  3858 | D:4      | Killed Eustachio
  4116 | D:5      | Entered Level 5 of the Dungeon
  4135 | D:5      | Reached skill level 6 in Long Blades
  4135 | D:5      | Reached XP level 7. HP: 33/44 MP: 4/8
  4136 | D:5      | Found a staircase to the Ecumenical Temple.
  4624 | D:5      | Reached skill level 7 in Long Blades
  4624 | D:5      | Reached XP level 8. HP: 44/48 MP: 7/9
  4661 | D:5      | Found a runed translucent gate.
  4662 | D:5      | Found a runed translucent gate.
  4663 | D:5      | Found a runed translucent gate.
  4664 | D:5      | Noticed seveneves's ghost (amateur MfGl)
  4665 | D:5      | Noticed Ekaitz's ghost (novice HOFE)
  4797 | D:5      | Reached skill level 5 in Fighting
  5327 | D:5      | Killed Ekaitz's ghost
  5328 | D:5      | Reached skill level 5 in Armour
  5328 | D:5      | Reached skill level 1 in Shields
  5328 | D:5      | Reached skill level 1 in Evocations
  5332 | D:5      | Killed seveneves's ghost
  5566 | D:6      | Reached **** piety under Trog
  5586 | D:6      | Noticed Menkaure
  5601 | D:6      | Killed Menkaure
  5602 | D:6      | Reached skill level 8 in Long Blades
  5602 | D:6      | Reached XP level 9. HP: 48/54 MP: 5/10
  5808 | D:6      | Noticed Edmund
  5837 | D:6      | Killed Edmund
  6012 | D:6      | Found a sparkling altar of Nemelex Xobeh.
  6021 | D:6      | Reached skill level 5 in Stealth
  6117 | D:6      | Reached skill level 9 in Long Blades
  6776 | D:7      | Reached skill level 5 in Dodging
  6868 | D:7      | Reached XP level 10. HP: 56/60 MP: 9/11
  7561 | D:7      | Reached skill level 10 in Long Blades
  7891 | D:8      | Found Guoxkeaph's Magic Scroll Shoppe.
  7913 | D:8      | Bought a scroll of summoning for 133 gold pieces
  7956 | D:8      | Found a stormy altar of Qazlal.
  8201 | D:8      | Found a broken altar of Ashenzari.
  8398 | D:8      | Found Qios's Gadget Boutique.
  8407 | D:8      | Bought a wand of disintegration (8) for 156 gold pieces
  8841 | D:8      | Found a staircase to the Lair.
  9228 | D:8      | Found Eczon's Jewellery Shoppe.
  9445 | Lair:1   | Entered Level 1 of the Lair of Beasts
  9469 | Lair:1   | Noticed a cane toad
  9497 | Lair:1   | Killed a cane toad
  9760 | Lair:1   | Noticed a cane toad
  9769 | Lair:1   | Killed a cane toad
  9925 | Lair:1   | Noticed a cane toad
  9960 | Lair:1   | Killed a cane toad
 10019 | Lair:1   | Noticed a black mamba
 10020 | Lair:1   | Reached skill level 11 in Long Blades
 10028 | Lair:1   | Killed a black mamba
 10124 | Lair:1   | Noticed Gastronok
 10125 | Lair:1   | Noticed a cane toad
 10144 | Lair:1   | Killed Gastronok
 10145 | Lair:1   | Reached XP level 11. HP: 17/67 MP: 3/12
 10581 | Lair:1   | Reached skill level 12 in Long Blades
 10621 | Lair:2   | Found a staircase to the Snake Pit.
 10680 | Lair:2   | Noticed an eight-headed hydra
 10694 | Lair:2   | Killed a ten-headed hydra
 11144 | Lair:2   | Noticed a seven-headed hydra
 11193 | Lair:2   | Killed a 12-headed hydra
 11620 | Lair:2   | Reached XP level 12. HP: 61/75 MP: 13/13
 12044 | Lair:2   | Got a scorched spear
 12046 | Lair:2   | Identified the +4 spear of Disgust {holy, rElec Will++
                  | Str-5 SInv} (You found it on level 2 of the Lair of Beasts)
 12237 | Snake:1  | Entered Level 1 of the Snake Pit
 12677 | Snake:1  | Reached skill level 13 in Long Blades
 12677 | Snake:1  | Reached skill level 1 in Throwing
 13007 | Snake:1  | Noticed an anaconda
 13013 | Snake:1  | Killed an anaconda
 13271 | Snake:2  | Noticed Frances
 13271 | Snake:2  | Noticed Nikola
 13271 | Snake:2  | Noticed a shock serpent
 13271 | Snake:2  | Noticed a naga warrior
 13271 | Snake:2  | Noticed a naga sharpshooter
 13271 | Snake:2  | Noticed a shock serpent
 13272 | Snake:2  | Noticed Aizul
 13279 | Snake:1  | Killed a shock serpent
 13403 | Lair:3   | Reached skill level 5 in Shields
 13458 | Lair:3   | Found a dark tunnel.
 13544 | Volcano  | Entered a volcano
 13795 | Volcano  | Noticed a two-headed ogre
 13797 | Volcano  | Engulfed by a cloud of flame

Illustrated notes

Levels and vault maps discovered:
D:1:      dpeg_arrival_court, layout_rooms
D:2:      layout_basic, general_overflow_altar
D:3:      layout_basic, chequers_temple_overflow_statue_of_worship
D:4:      layout_basic, uniq_robin, uniq_eustachio
D:5:      layout_cave_pools, minmay_temple_entry_purple_smoke,
          gammafunk_ghost_cemetery, minivault_27
D:6:      layout_gridville, serial_glass, glass_columns_a, glass_columns_b,
          grunt_ministairs_9, nemelex_dance_club_becter, uniq_menkaure,
          uniq_edmund
D:7:      layout_gridville, grunt_ministairs_10
D:8:      layout_basic, kennysheep_mini, evilmike_ruin_ashenzari,
          dpeg_oklobed_lair, serial_shops, shop, shop, shop_fountains
Lair:1:   layout_regular_city, uniq_gastronok
Lair:2:   layout_regular_city, guppyfry_snake_entry_island, grunt_megastairs_4,
          lemuel_fruit_tree, serial_bayou_shore_b
Lair:3:   layout_cave_shapes, nicolae_volcano_entry_vermiform, basic_altar,
          beast_lair_carwin_2
Snake:1:  layout_basic, nicolae_large_snake_swirl
Snake:2:  layout_rooms, nicolae_snake_horde_hoard, uniq_aizul, uniq_frances,
          uniq_nikola, uniq_louise
Volcano:  volcano_grotto [vgs_trial_by_fire]

Skill      XL: |  1  2  3  4  5  6  7  8  9 10 11 12 |
---------------+-------------------------------------+-----
Long Blades    | 4 5 6 7 8 9 11 12 13 | 13.4
Stealth        | 1 2 4 5 6 |  6.8
Fighting       | 4 5 6 7 8 9 |  9.0
Armour         | 3 4 5 6 7 8 |  8.8
Dodging        | 3 4 5 6 7 8 |  8.5
Shields        | 1 3 4 5 |  5.3
Evocations     | 1 2 |  2.9
Throwing       | 2 |  2.0

Action                   |  1- 3 |  4- 6 |  7- 9 | 10-12 || total
-------------------------+-------+-------+-------+-------++-------
Melee: Falchion          |    58 |   131 |   278 |   377 ||   844
       Kick              |    20 |    35 |   122 |   157 ||   334
       Peck              |     6 |    26 |    59 |   107 ||   198
Throw: Dart              |       |       |       |    20 ||    20
Invok: Berserk           |     3 |     4 |    10 |    11 ||    28
       Trog's Hand       |       |       |    11 |    12 ||    23
 Abil: Fly               |       |     1 |       |       ||     1
Evoke: Wand              |       |     2 |     6 |    16 ||    24
  Use: Potion            |       |     2 |     8 |     7 ||    17
       Scroll            |       |     3 |    12 |    19 ||    34
 Stab: Sleeping          |       |     1 |     4 |     1 ||     6
       Paralysed         |       |     2 |     7 |       ||     9
Armor: Leather armour    |    10 |    18 |       |       ||    28
       Animal skin       |     1 |       |       |       ||     1
       Ring mail         |       |    20 |    55 |    42 ||   117
Dodge: Dodged            |    39 |    93 |   172 |   293 ||   597
Block: Buckler           |       |     5 |    26 |    99 ||   130
       Rpst.: Falchion   |    10 |    26 |    48 |    89 ||   173
